 Dungeon Crawl Stone Soup version 0.20.1-1-g8b1a95d (webtiles) character file.

56 Dfrag the Firebug (level 3, -4/24 HPs)
             Began as a Demonspawn Fire Elementalist on Oct 9, 2017.
             Slain by an orc warrior
             ... wielding a +0 mace
              (9 damage)
             ... on level 2 of the Dungeon.
             The game lasted 00:03:01 (1262 turns).

Dfrag the Firebug (Demonspawn Fire Elementalist)    Turns: 1262, Time: 00:03:02

Health: -4/24      AC:  3    Str:  8    XL:     3   Next: 69%
Magic:  15/15      EV: 12    Int: 17    God:
Gold:   170        SH:  0    Dex: 13    Spells: 2/6 levels left

rFire    . . .     SeeInvis .   (no weapon)
rCold    . . .     Gourm    .   (no shield)
rNeg     . . .     Faith    .   a - +0 robe
rPois    .         Spirit   .   (no helmet)
rElec    .         Reflect  .   (no cloak)
rCorr    .         Harm     .   (no gloves)
MR       .....                  i - +0 pair of boots
Stlth    ++........             (no amulet)
Regen    0.1/turn               k - ring of magical power
MPRegen  0.2/turn               (no ring)

@: no status effects
A: claws 1
a: no special abilities


You were on level 2 of the Dungeon.
You were hungry.

You visited 1 branch of the dungeon, and saw 3 of its levels.

You collected 170 gold pieces.

Inventory:

Armour
 a - a +0 robe (worn)
 i - a +0 pair of boots (worn)
Jewellery
 k - a ring of magical power (left claw)
Scrolls
 d - a scroll of teleportation {unknown}
 h - a scroll of enchant weapon {unknown}
 m - a scroll of enchant armour {unknown}
Potions
 e - a potion of might {unknown}
 g - a potion of invisibility {unknown}
 j - a potion of lignification {unknown}
 l - a potion of brilliance {unknown}
Books
 b - a book of Flames

   Spells                             Type                      Level
   a - Flame Tongue                   Conjuration/Fire             1
   b - Throw Flame                    Conjuration/Fire             2
   c - Conjure Flame                  Conjuration/Fire             3
   d - Inner Flame                    Hexes/Fire                   3
   e - Sticky Flame                   Conjuration/Fire             4
   f - Fireball                       Conjuration/Fire             5
Comestibles
 c - a bread ration


   Skills:
 - Level 1.7 Dodging
 - Level 1.7 Stealth
 + Level 2.4 Spellcasting
 + Level 2.3 Conjurations
 + Level 3.3 Fire Magic


You had 2 spell levels left.
You knew the following spells:

 Your Spells              Type           Power        Failure   Level  Hunger
a - Flame Tongue          Conj/Fire      ##...        6%          1    #......
b - Conjure Flame         Conj/Fire      ##......     17%         3    ###....


Dungeon Overview and Level Annotations

Branches:
Dungeon (3/15)

Altars:
Xom


Innate Abilities, Weirdness & Mutations

You have sharp fingernails.


Message History

Aim: a bat The flame tongue hits the bat.
You kill the bat!
Casting: Flame Tongue
Confirm with . or Enter, or press ? or * to list all spells.
You can't see any susceptible monsters within range! (Use Z to cast anyway.) Unknown command.
Casting: Flame Tongue
Confirm with . or Enter, or press ? or * to list all spells.
You can't see any susceptible monsters within range! (Use Z to cast anyway.) Unknown command.
Memorise Conjure Flame, consuming 3 spell levels and leaving 2?
You start memorising the spell.
You continue memorising. x3
You finish memorising.
Spell assigned to 'b'.
You start resting.
Magic restored.
There is a stone staircase leading down here.
You climb downwards.
The goblin hits you with a dagger.
* * * LOW HITPOINT WARNING * * *
The orc warrior hits you with a mace!
You die...

.#.#..####.##.#..#
......####.##.#..#
...##.........#..#
.##........####..#
.##..............#
.##.......#####.##
.##.......# #.##
.##.......### #o.#
.##.........# ##@#
..#.......#.# #g#
..###.#####.# #.#
.....<...##.# #.#
#.###.##.##.# #.#
#.# #.##.##.# #.#
..# #.......# #.#
### #.##.#.#####.#
#.##.........#


You could see an orc warrior and a goblin.

Vanquished Creatures
  2 adders (D:2)
  A worm (D:2)
  A dart slug (D:2)
  A leopard gecko (D:1)
  An orc (D:3)
  6 goblins
  5 hobgoblins
  A kobold (D:1)
  7 bats
  7 rats
32 creatures vanquished.

Notes
Turn   | Place    | Note
-------+----------+-------------------------------------------
     0 | D:1      | Dfrag the Demonspawn Fire Elementalist began the quest for the Orb.
     0 | D:1      | Reached XP level 1. HP: 13/13 MP: 3/3
   122 | D:1      | Reached skill level 3 in Fire Magic
   140 | D:1      | Gained mutation: You have sharp fingernails. [demonic ancestry]
   140 | D:1      | Reached XP level 2. HP: 14/19 MP: 0/5
   795 | D:2      | Reached XP level 3. HP: 23/24 MP: 6/6
  1124 | D:2      | Found a shimmering altar of Xom.
  1189 | D:3      | Noticed an orc warrior
  1246 | D:1      | Learned a level 3 spell: Conjure Flame
  1262 | D:2      | Slain by an orc warrior

Skill      XL: |  1  2 |
---------------+-------+-----
Fire Magic     | 3 |  3.3
Conjurations   | 2 |  2.3
Dodging        | |  1.7
Stealth        | |  1.7
Spellcasting   | |  2.4

Action                   || total
-------------------------++-------
Melee: Unarmed           ||    48
 Cast: Flame Tongue      ||    55
  Eat: Chunk             ||     1
Armor: Robe              ||    29
Dodge: Dodged            ||    63
